 Dungeon Crawl Stone Soup version 0.23.2-40-g277498a001 (webtiles) character file.

Game seed: 15416071156363487056

991 Amplified the Cleaver (level 8, -1/73 HPs)
             Began as a Hill Orc Wanderer on Oct 3, 2019.
             Succumbed to a water moccasin's poison
             ... on level 5 of the Dungeon.
             The game lasted 00:07:38 (5296 turns).

Amplified the Cleaver (Hill Orc Wanderer)           Turns: 5296, Time: 00:07:39

Health: -1/73      AC: 10    Str: 18    XL:     8   Next: 18%
Magic:  10/10      EV: 10    Int: 12    God:
Gold:   298        SH:  0    Dex: 11    Spells: 7/10 levels left

rFire    . . .     SeeInvis .   p - +0 battleaxe
rCold    . . .     Gourm    .   (shield currently unavailable)
rNeg     . . .     Faith    .   i - +0 ring mail
rPois    .         Spirit   .   (no helmet)
rElec    .         Reflect  .   n - +0 cloak
rCorr    .         Harm     .   d - +2 pair of gloves
MR       .....                  (no boots)
Stlth    +.........             (no amulet)
HPRegen  0.22/turn              j - +2 ring of strength
MPRegen  0.12/turn              (no ring)

@: lethally poisoned (-1 -> -10), very slightly contaminated
A: no striking features
a: no special abilities


You were on level 5 of the Dungeon.
You were near starving.

You visited 2 branches of the dungeon, and saw 7 of its levels.

You collected 298 gold pieces.

Inventory:

Hand Weapons
 a - a +0 hand axe
 p - a +0 battleaxe (weapon)
Missiles
 g - 46 poisoned needles
Armour
 d - a +2 pair of gloves (worn)
 i - a +0 ring mail (worn)
 n - a +0 cloak (worn)
Jewellery
 j - a +2 ring of strength (left hand)
Wands
 q - a wand of flame (19)
Scrolls
 b - 3 scrolls of identify
 h - 3 scrolls of fog
 l - a scroll of fear
 m - a scroll of teleportation
 o - a scroll of blinking
 r - a scroll of magic mapping
 t - a scroll of amnesia
Potions
 c - a potion of might
Comestibles
 f - 8 rations


   Skills:
 * Level 7.0 Fighting
 * Level 8.1 Axes
 - Level 1.0 Throwing
 + Level 4.9 Armour
   Level 1.1 Shields
 - Level 1.5 Spellcasting
   Level 1.0 Hexes


You had 7 spell levels left.
You knew the following spells:

 Your Spells              Type           Power        Failure   Level  Hunger
a - Magic Dart            Conj           #...         43%         1    ##.....
b - Blink                 Tloc           N/A          58%         2    ###....

Your spell library contained the following spells:

 Spells                   Type           Power        Failure   Level  Hunger
 Confusing Touch          Hex            #.....       32%         1    ##.....
 Corona                   Hex            #......      32%         1    ##.....
 Animate Skeleton         Necr           N/A          43%         1    ##.....
 Apportation              Tloc           #.....       43%         1    ##.....
 Summon Small Mammal      Summ           #...         43%         1    ##.....
 Slow                     Hex            #.......     43%         2    ###....
 Call Imp                 Summ           #.......     58%         2    ###....
 Inner Flame              Hex/Fire       #.......     75%         3    ####...
 Portal Projectile        Hex/Tloc       #.....       75%         3    ####...
 Conjure Flame            Conj/Fire      #.......     82%         3    ####...
 Mephitic Cloud           Conj/Pois/Air  #.......     82%         3    ####...
 Cause Fear               Hex            #.........   97%         4    #####..
 Leda's Liquefaction      Hex/Erth       #.........   98%         4    #####..


Dungeon Overview and Level Annotations

Branches:
Dungeon (6/15)             Temple (1/1) D:6

Altars:
Cheibriados
Dithmenos
Elyvilon
Gozag
Hepliaklqana
Nemelex Xobeh
Okawaru
Qazlal
Sif Muna
Trog
Wu Jian
Xom
Yredelemnul
Zin
Lugonu


Message History

* * * LOW HITPOINT WARNING * * *
You feel sick.
The water moccasin barely misses your giant cockroach.
Your giant cockroach bites the water moccasin.
The water moccasin barely misses your giant cockroach.
Your phantom hits the water moccasin but does no damage.
Blink to where?
Press: ? - help, Dir - move target cursor, p - water moccasin You are very lightly contaminated with residual magic.
As you read the scroll of blinking, it crumbles to dust.
* * * LOW HITPOINT WARNING * * *
You feel sick.
* * * LOW HITPOINT WARNING * * *
You feel sick.
There is a stone staircase leading up here.
Unknown command.
* * * LOW HITPOINT WARNING * * *
You feel sick.
You climb upwards.
You die...

#########
#....%..#
#.......#
#..@....#
#.......#
#?.######
##+


There were no monsters in sight!

Vanquished Creatures
  Menkaure (D:4)
  Duvessa (D:5)
  A sky beast (D:6)
  An ice beast (D:6)
  A bullfrog (D:4)
  Dowan (D:5)
  A howler monkey (D:6)
  A bullfrog zombie (D:5)
  An orc priest (D:6)
  2 orc wizards
  2 iguanas
  A killer bee zombie (D:6)
  A hound zombie (D:6)
  A howler monkey zombie (D:6)
  A worker ant zombie (D:6)
  4 gnolls (D:5)
  4 adders
  2 shadow imps (D:6)
  2 adder skeletons
  3 worms
  2 dart slugs
  6 leopard geckos
  11 orcs
  8 bats
  6 giant cockroaches
  8 goblins
  7 hobgoblins
  3 jackals (D:3)
  2 quokkas (D:3)
  3 ball pythons
  A ball python skeleton (D:4)
  8 frilled lizards
  8 kobolds
  10 rats
115 creatures vanquished.

Notes
Turn   | Place    | Note
-------+----------+-------------------------------------------
     0 | D:1      | Amplified the Hill Orc Wanderer began the quest for the
                  | Orb.
     0 | D:1      | Amplified set off with the following items: a +0 hand axe,
                  | a potion of curing, a +0 robe, a ration; and the following
                  | spell memorised: Magic Dart; and the following spells
                  | available to memorise: Slow, Blink, Call Imp, Conjure
                  | Flame, Mephitic Cloud
     0 | D:1      | Reached XP level 1. HP: 16/16 MP: 3/3
    42 | D:1      | Reached skill level 3 in Axes
    73 | D:1      | Reached XP level 2. HP: 24/24 MP: 4/4
   488 | D:1      | Reached XP level 3. HP: 22/30 MP: 5/5
   645 | D:1      | Learned a level 2 spell: Blink
  1013 | D:2      | Found a stormy altar of Qazlal.
  1322 | D:2      | Found a shimmering altar of Xom.
  1728 | D:2      | Reached skill level 4 in Axes
  2108 | D:3      | Reached XP level 4. HP: 31/38 MP: 6/6
  2341 | D:3      | Found a deep blue altar of Sif Muna.
  2649 | D:4      | Reached XP level 5. HP: 45/45 MP: 7/7
  2864 | D:4      | Found a sparkling altar of Nemelex Xobeh.
  2978 | D:4      | Noticed Menkaure
  2991 | D:4      | Killed Menkaure
  2991 | D:4      | Reached skill level 5 in Axes
  2991 | D:4      | Reached XP level 6. HP: 41/53 MP: 8/8
  3453 | D:3      | Reached skill level 6 in Axes
  3548 | D:3      | Reached skill level 5 in Fighting
  3749 | D:5      | Entered Level 5 of the Dungeon
  3793 | D:5      | Reached XP level 7. HP: 44/61 MP: 9/9
  3969 | D:5      | Noticed Duvessa
  3970 | D:5      | Noticed Dowan
  3979 | D:5      | Killed Duvessa
  3983 | D:5      | Killed Dowan
  3983 | D:5      | Reached skill level 7 in Axes
  4265 | D:6      | Found a staircase to the Ecumenical Temple.
  4272 | Temple   | Entered the Ecumenical Temple
  4326 | D:6      | Found a glowing silver altar of Zin.
  4331 | D:6      | Found an ornate altar of the Wu Jian Council.
  4875 | D:6      | Reached XP level 8. HP: 38/71 MP: 10/10
  5007 | D:6      | Reached skill level 8 in Axes
  5202 | D:6      | Found a shadowy altar of Dithmenos.
  5293 | D:6      | HP: 2/73 [poisoned by a water moccasin]
  5296 | D:5      | Succumbed to a water moccasin's poison

Skill      XL: |  1  2  3  4  5  6  7  8 |
---------------+-------------------------+-----
Axes           | 3 4 5 6 7 8 |  8.1
Fighting       | 2 3 4 5 6 7 |  7.0
Armour         | 3 4 |  4.9
Throwing       | |  1.0
Shields        | |  1.1
Spellcasting   | |  1.5
Hexes          | |  1.0

Action                   |  1- 3 |  4- 6 |  7- 9 || total
-------------------------+-------+-------+-------++-------
Melee: Hand axe          |   142 |   111 |       ||   253
       Battleaxe         |       |    63 |   110 ||   173
 Cast: Blink             |       |       |     1 ||     1
Evoke: Wand              |       |       |     6 ||     6
  Use: Scroll            |     9 |     4 |     3 ||    16
       Potion            |     1 |     4 |     5 ||    10
 Stab: Sleeping          |     3 |       |       ||     3
  Eat: Chunk             |     4 |     5 |     4 ||    13
Armor: Robe              |    37 |       |       ||    37
       Ring mail         |     1 |   103 |    67 ||   171
Dodge: Dodged            |    74 |   119 |    51 ||   244
